 Dungeon Crawl Stone Soup version 0.28.0 (webtiles) character file.

Game seed: 12571940537571167539

3121 Zankyou the Thaumaturge (level 9, -3/48 HPs)
             Began as a Deep Elf Fire Elementalist on Feb 15, 2022.
             Was a Believer of Sif Muna.
             Slain by a hornet (12 damage)
             ... on level 8 of the Dungeon.
             The game lasted 00:11:03 (10795 turns).

Zankyou the Thaumaturge (DEFE)                     Turns: 10795, Time: 00:11:04

Health: -3/48      AC:  6    Str:  5    XL:     9   Next: 60%
Magic:  22/24      EV: 12    Int: 25    God:    Sif Muna [**....]
Gold:   154        SH:  0    Dex: 15    Spells: 6/27 levels left

rFire   . . .      SeeInvis .   a - +2 dagger (speed)
rCold   . . .      Faith    .   (no shield)
rNeg    . . .      Spirit   .   k - +0 leather armour
rPois   .          Reflect  .   (no helmet)
rElec   .          Harm     .   e - +0 cloak
rCorr   .          Rampage  .   d - +0 pair of gloves
Will    .....                   m - +0 pair of boots
Stlth   +++.......              (no amulet)
HPRegen 0.16/turn               (no ring)
MPRegen 0.19/turn               (no ring)

@: slowed, very slow
A: no striking features
a: Renounce Religion, Channel Magic


You were on level 8 of the Dungeon.
You worshipped Sif Muna.
Sif Muna was pleased with you.
You visited 2 branches of the dungeon, and saw 9 of its levels.
You also visited: Sewer and Bailey.

You collected 310 gold pieces.
You spent 156 gold pieces at shops.

Inventory:

Hand Weapons
 a - a +2 dagger of speed (weapon)
Armour
 d - a +0 pair of gloves (worn)
 e - a +0 cloak (worn)
 k - a +0 leather armour (worn)
 m - a +0 pair of boots (worn)
Jewellery
 y - a ring of protection from fire
Wands
 o - a wand of polymorph (4)
 s - a wand of flame (19)
 t - a wand of paralysis (15)
 v - a wand of acid (8)
Scrolls
 c - 3 scrolls of amnesia
 j - a scroll of blinking
 n - 2 scrolls of magic mapping
 p - 3 scrolls of enchant weapon
 u - 2 scrolls of teleportation
Potions
 b - a potion of might
 f - a potion of curing
 g - a potion of degeneration {unknown}
 h - 2 potions of invisibility {unknown}
 i - 3 potions of haste {unknown}
 l - 2 potions of magic {unknown}
 r - a potion of heal wounds {unknown}
 w - 2 potions of brilliance {unknown}


   Skills:
 + Level 2.0 Fighting
 * Level 3.6 Short Blades
 - Level 4.0 Dodging
 - Level 6.0 Stealth
 * Level 9.9 Spellcasting
 + Level 5.6 Conjurations
 * Level 8.8 Fire Magic
 + Level 0.4 Invocations
 + Level 0.5 Evocations


You had 6 spell levels left.
You knew the following spells:

 Your Spells              Type           Power      Damage    Failure   Level
a - Foxfire               Conj/Fire      100%       2x1d9     1%          1
b - Scorch                Fire           100%       2d10      1%          2
c - Inner Flame           Hex/Fire       34%        N/A       4%          3
d - Flame Wave            Conj/Fire      48%        2d10      4%          4
e - Fireball              Conj/Fire      24%        3d11      12%         5
f - Starburst             Conj/Fire      24%        6d8       54%         6

Your spell library contained the following spells:

 Spells                   Type           Power      Damage    Failure   Level
 Conjure Flame            Conj/Fire      48%        6-21      1%          3
 Shock                    Conj/Air       100%       1d9       2%          1
 Ignite Poison            Fire/Tmut/Pois 27%        N/A       8%          3
 Freeze                   Ice            48%        1d7       9%          1
 Mephitic Cloud           Conj/Pois/Air  21%        N/A       12%         3
 Frozen Ramparts          Ice            24%        1d4       26%         3
 Ozocubu's Armour         Ice            12%        N/A       26%         3
 Swiftness                Air            12%        N/A       26%         3
 Fulminant Prism          Conj/Hex       13%        3d9       26%         4
 Hailstorm                Conj/Ice       26%        3d7       26%         4
 Iskenderun's Mystic Bla  Conj/Tloc      26%        2d7       26%         4
 Airstrike                Air            6%         N/A       63%         4
 Freezing Cloud           Conj/Ice/Air   10%        6-21      71%         5
 Lee's Rapid Deconstruct  Erth           6%         3d7*      93%         5
 Ozocubu's Refrigeration  Ice            6%         4d6       100%        7
 Ignition                 Fire           27%        3d9       100%        8


Dungeon Overview and Level Annotations

Branches:
Dungeon (8/15)             Temple (1/1) D:4           Sewer (visited)
 Bailey (visited)
   Lair: D:8-11

Altars:
Ashenzari
Cheibriados
Elyvilon
Fedhas
Gozag
Hepliaklqana
Makhleb
Nemelex Xobeh
Okawaru
Qazlal
Ru
Sif Muna
Trog
Uskayaw
Vehumet
Wu Jian
Xom
Yredelemnul
Zin
The Shining One

Shops:
D:6 *

Annotations:
D:4 2 transporters, Arctor's ghost, amateur DrTm


Message History

Confirm with . or Enter, or press ? or * to list all spells.
Flames lash the hornet.
The hornet is heavily wounded.
The hornet's fire resistance burns away.
The hornet stings you!
You are poisoned.
You feel as though you will be slow longer.
The hornet stings you.
You suddenly lose the ability to move!
You feel very sick.
The hornet stings you but does no damage.
The hornet stings you!
* * * LOW HITPOINT WARNING * * *
You feel as though you will be slow longer.
* * * LOW HITPOINT WARNING * * *
You feel sick. The hornet stings you.
* * * LOW HITPOINT WARNING * * *
You shrug off the repeated paralysis!
You can move again.
It was a potion of curing.
You feel better.
The hornet is no longer more vulnerable to fire.
The hornet completely misses you. The hornet barely misses you.
The hornet stings you.
* * * LOW HITPOINT WARNING * * *
You are lethally poisoned!
You feel as though you will be slow longer.
You feel better. The hornet stings you!
* * * LOW HITPOINT WARNING * * *
You are lethally poisoned!
You feel as though you will be slow longer.
The hornet stings you.
* * * LOW HITPOINT WARNING * * *
You feel as though you will be slow longer.
You feel better.
The hornet stings you but does no damage.
The hornet stings you.
* * * LOW HITPOINT WARNING * * *
You feel as though you will be slow longer.
Unknown command.
You feel better. The hornet stings you!
You die...

####**************
#..,,,,,,,,,,,*,,,
#y#####..,,,,,*,**
#@≈≈≈≈)≈≈≈≈≈≈≈≈≈≈#
#.≈###.).,,,,***≈.
#.≈# ********* #≈#
#.≈## ##≈. #.≈.#
#.≈. #.≈.# #.≈#
#.≈.# ##.≈# #.≈.#
#∩(≈# ##≈.# ##.≈#


You could see a hornet.

Vanquished Creatures
  Sigmund (D:2)
  A human (D:5)
  A water moccasin (D:8)
  Pargi (Sewer)
  2 orc warriors
  2 sky beasts
  2 ice beasts
  A black bear (D:6)
  A necrophage (D:6)
  5 ogres
  2 phantoms (D:5)
  2 kobold brigands
  3 scorpions
  2 howler monkeys (D:8)
  3 jellies (D:5)
  3 centaur skeletons
  5 orc priests
  2 hounds
  A gnoll shaman (D:5)
  3 iguanas
  An orc wizard (D:8)
  A scorpion zombie (D:5)
  A howler monkey zombie (D:8)
  2 howler monkey skeletons
  7 adders
  12 gnolls
  2 shadow imps (D:6)
  3 white imps
  An adder zombie (D:5)
  5 worms
  2 dart slugs
  29 orcs
  9 ball pythons
  3 bats
  6 endoplasms
  2 giant cockroaches
  10 goblins
  5 hobgoblins
  2 jackals (D:3)
  23 kobolds
  4 quokkas
  4 frilled lizards
  2 jackal skeletons (D:5)
  6 rats
185 creatures vanquished.

Vanquished Creatures (collateral kills)
  2 foxfires (D:4)
2 creatures vanquished.

Vanquished Creatures (others)
  564 foxfires
564 creatures vanquished.

Grand Total: 751 creatures vanquished

Notes
Turn   | Place    | Note
-------+----------+-------------------------------------------
     0 | D:1      | Zankyou the Deep Elf Fire Elementalist began the quest for
                  | the Orb.
     0 | D:1      | Reached XP level 1. HP: 10/10 MP: 6/6
    59 | D:1      | Reached XP level 2. HP: 15/15 MP: 0/8
    62 | D:1      | Learned a level 2 spell: Scorch
  1067 | D:2      | Reached XP level 3. HP: 19/19 MP: 5/10
  1071 | D:2      | Learned a level 3 spell: Inner Flame
  1583 | D:2      | Reached skill level 4 in Spellcasting
  1914 | D:2      | Noticed Sigmund
  2261 | D:2      | Killed Sigmund
  2262 | D:2      | Reached XP level 4. HP: 9/24 MP: 2/12
  2262 | D:2      | Reached XP level 5. HP: 11/28 MP: 2/14
  2269 | D:2      | Learned a level 4 spell: Flame Wave
  2810 | D:3      | Found a hazy altar of Hepliaklqana.
  2853 | D:3      | Reached skill level 5 in Spellcasting
  3079 | D:3      | Reached XP level 6. HP: 32/32 MP: 11/15
  3129 | D:3      | Reached skill level 5 in Fire Magic
  3238 | D:3      | Found a glowing drain.
  3244 | Sewer    | Entered a sewer
  3403 | Sewer    | Learned a level 5 spell: Fireball
  3476 | Sewer    | Noticed Pargi
  3483 | Sewer    | Killed Pargi
  4436 | D:4      | Found a glowing golden altar of the Shining One.
  4447 | D:4      | Found a transporter.
  4449 | D:4      | Noticed Arctor's ghost (amateur DrTm)
  4454 | D:4      | Found a transporter.
  4606 | D:4      | Reached XP level 7. HP: 34/36 MP: 13/17
  4669 | D:4      | Reached skill level 6 in Spellcasting
  4771 | D:4      | Found a staircase to the Ecumenical Temple.
  5457 | Temple   | Entered the Ecumenical Temple
  5686 | Temple   | Became a worshipper of Sif Muna the Loreminder
  5745 | D:5      | Entered Level 5 of the Dungeon
  6125 | D:5      | Reached skill level 5 in Stealth
  6302 | D:5      | Reached skill level 7 in Spellcasting
  6389 | D:5      | Reached XP level 8. HP: 41/41 MP: 13/20
  6734 | D:5      | Learned a level 6 spell: Starburst
  7224 | D:5      | Found a runed translucent door.
  7228 | D:5      | Found a basalt altar of Yredelemnul.
  7253 | D:5      | Reached skill level 8 in Spellcasting
  7577 | D:6      | Found a broken altar of Ashenzari.
  7632 | D:6      | Reached * piety under Sif Muna
  7831 | D:6      | Reached skill level 1 in Short Blades
  8482 | D:6      | Reached skill level 5 in Conjurations
  8567 | D:6      | Reached XP level 9. HP: 46/46 MP: 12/23
  8707 | D:5      | Reached skill level 1 in Fighting
  8707 | D:5      | Reached skill level 9 in Spellcasting
  8915 | D:6      | Found Sylizxeps's Gadget Gallery.
  8924 | D:6      | Bought a wand of paralysis (10) for 156 gold pieces
  9045 | D:6      | Found an opulent altar of Gozag.
  9803 | D:7      | Found a stormy altar of Qazlal.
 10071 | D:8      | Reached ** piety under Sif Muna
 10284 | D:8      | Found a flagged portal.
 10325 | Bailey   | Entered a bailey
 10789 | D:8      | Paralysed by a hornet for 3 turns
 10791 | D:8      | HP: 1/48 [hornet (6)]
 10795 | D:8      | Slain by a hornet

Illustrated notes

Levels and vault maps discovered:
D:1:      mushboom_english_gardens, layout_rooms
D:2:      layout_loops_corners, nicolae_wormholes, uniq_sigmund
D:3:      layout_loops_ring, mainiacjoe_overflow_paths, portal_sewer_entry_e
D:4:      layout_cave_pods, mainiacjoe_overflow_catwalk,
          minmay_temple_entry_enclosed_plants, gammafunk_ghost_mausoleum
D:5:      layout_basic, dk_yredelemnul_ordeal, kennysheep_cluttered_room,
          palyth_stone_intersect, minivault_4
D:6:      layout_cave_pools, mainiacjoe_overflow_tiny_flanked,
          mainiacjoe_overflow_alcove_2, grunt_ministairs_10,
          hangedman_decor_points, nicolae_shop_gadgets
D:7:      layout_basic, nicolae_qazlal_style_of_elements, lemuel_flamethrower_1
D:8:      layout_loops_cross, lightli_bailey_entry_fortress
Temple:   dpeg_chambers_temple

Skill      XL: |  1  2  3  4  5  6  7  8  9 |
---------------+----------------------------+-----
Fire Magic     | 4 5 6 8 |  8.8
Stealth        | 3 4 5 6 |  6.0
Spellcasting   | 4 5 7 8 9 |  9.9
Dodging        | 3 4 |  4.0
Conjurations   | 2 3 5 |  5.6
Short Blades   | 1 3 |  3.6
Fighting       | 2 |  2.0
Invocations    | |  0.4
Evocations     | |  0.5

Action                   |  1- 3 |  4- 6 |  7- 9 || total
-------------------------+-------+-------+-------++-------
Melee: Unarmed           |       |     3 |       ||     3
       Dagger            |       |     1 |       ||     1
 Cast: Foxfire           |   109 |    85 |   137 ||   331
       Scorch            |     5 |    15 |   104 ||   124
       Flame Wave        |       |     2 |     1 ||     3
       Fireball          |       |       |     1 ||     1
  Use: Scroll            |       |     4 |     6 ||    10
       Potion            |       |       |     4 ||     4
 Stab: Sleeping          |       |     1 |       ||     1
Armor: Robe              |       |    12 |    11 ||    23
       Leather armour    |       |       |    11 ||    11
Dodge: Dodged            |     3 |    34 |    52 ||    89
